cohdb
Replays
Latest Replays
All Replays
Popular Replays
Top Player Replays
Match Explorer
How It Works
Community
CoH3 Stats
Reddit
Sign in to upload your games and track your stats! →
Sign in with Steam
Match 41787871
Unlisted
Match 41787871
Overview
Messages
Build Orders
End
Construct Section Command Post
Construct Section Command Post
Infantry Section
Infantry Section
Infantry Section
Selects Canadian Shock Battlegroup
Selects Attacking Spirit
Selects Canadian Shock Section
Canadian Shock Section
Construct Platoon Command Post
Unlock M3 Stuart Light Tanks
M3 Stuart Light Tank
Grenade Package
6-pounder Anti-tank Gun Team
M3 Stuart Light Tank
PvtBaker
FLYCAT
Microsoft Outlook
deadsadbadmad
0
0
Comments
sign in to comment!
No comments posted yet!